 Dungeon Crawl Stone Soup version 0.19.5 (webtiles) character file.

119 Wander the Skirmisher (level 5, -1/44 HPs)
             Began as a Human Wanderer on Apr 1, 2017.
             Slain by Natasha (5 damage)
             ... on level 2 of the Dungeon.
             The game lasted 00:02:56 (1549 turns).

Wander the Skirmisher (Human Wanderer)              Turns: 1549, Time: 00:02:57

Health: -1/44      AC:  2    Str: 11    XL:     5   Next: 23%
Magic:  5/5        EV: 12    Int: 12    God:
Gold:   50         SH:  0    Dex: 15    Spells: 0 memorised, 4 levels left

rFire  + . .     SeeInvis .     n - +1 dagger (holy)
rCold  . . .     Gourm    .     m - +0 robe {MR+}
rNeg   . . .     Faith    .     (no shield)
rPois  .         Spirit   .     (no helmet)
rElec  .         Reflect  .     (no cloak)
rCorr  .         Harm     .     (no gloves)
MR     +....                    (no boots)
Stlth  ++........               (no amulet)
                                (no ring)
                                i - ring of protection from fire

@: no status effects
A: no striking features
a: no special abilities


You were on level 2 of the Dungeon.
You were not hungry.

You visited 1 branch of the dungeon, and saw 2 of its levels.

You collected 50 gold pieces.

Inventory:

Hand Weapons
 a - a +2 dagger
 c - a +0 spear
 n - a +1 dagger of holy wrath (weapon)
Armour
 e - a +0 robe
 m - a +0 robe of magic resistance (worn)
Jewellery
 i - a ring of protection from fire (left hand)
Scrolls
 g - a scroll of remove curse {unknown}
 j - a scroll of enchant weapon {unknown}
Potions
 d - 2 potions of curing
 h - a potion of brilliance {unknown}
 k - 3 potions of lignification {unknown}
 l - a potion of cure mutation {unknown}
 o - a potion of ambrosia {unknown}
Comestibles
 f - 2 bread rations
 p - a beef jerky


   Skills:
 + Level 5.0 Fighting
 - Level 1.0 Short Blades
 - Level 2.0 Polearms
 - Level 1.0 Throwing
 + Level 1.6 Dodging
 - Level 3.0 Stealth
 - Level 1.0 Unarmed Combat


You had 4 spell levels left.
You didn't know any spells.

Dungeon Overview and Level Annotations

Branches:
Dungeon (2/15)

Altars:
Fedhas
Qazlal

Annotations:
D:2 Natasha


Message History

Natasha is moderately wounded.
You hit Natasha.
Natasha is moderately wounded.
The crimson imp blinks!
Natasha closely misses you.
You hit Natasha.
Natasha is heavily wounded.
Natasha claws you!
You hit Natasha.
Natasha is heavily wounded.
Natasha claws you!
* * * LOW HITPOINT WARNING * * *
The crimson imp blinks!
You hit Natasha.
Natasha is severely wounded.
Natasha claws you.
* * * LOW HITPOINT WARNING * * *
You hit Natasha.
Natasha is almost dead.
Natasha claws you.
You die...

.... ######
....###....############
............##........
....P.P...(##.#......
#..5_.....##.#......
#..P.P....##.#.#....
#.........##.#....## ?.
#.h@......##.###..##
..########.........##......##
...................'.........
#........).........###....###
.............................
.........)##.#########....###
.........###.### #....# #
.........#≈....# #....# #
...$.....#.....### #....#


You could see Natasha and a crimson imp.

Vanquished Creatures
  Jessica (D:2)
  Natasha (twice) (D:2)
  An ooze (D:1)
  A dart slug (D:1)
  A ball python (D:1)
  5 goblins
  7 hobgoblins
  8 kobolds
  4 bats (D:1)
  4 frilled lizards (D:1)
  4 rats
38 creatures vanquished.

Notes
Turn   | Place    | Note
-------+----------+-------------------------------------------
     0 | D:1      | Wander the Human Wanderer began the quest for the Orb.
     0 | D:1      | Wander set off with: a +2 dagger, a potion of heal wounds, a +0 spear, a potion of curing, a +0 robe, a bread ration
     0 | D:1      | Reached XP level 1. HP: 18/18 MP: 1/1
   116 | D:1      | Reached XP level 2. HP: 17/24 MP: 2/2
   512 | D:1      | Reached XP level 3. HP: 27/30 MP: 3/3
   529 | D:1      | Reached skill level 1 in Short Blades
   896 | D:1      | Reached skill level 4 in Fighting
  1125 | D:2      | Noticed Jessica
  1138 | D:2      | Killed Jessica
  1138 | D:2      | Reached XP level 4. HP: 36/38 MP: 4/4
  1161 | D:2      | Noticed Natasha
  1172 | D:2      | Killed Natasha
  1172 | D:2      | Reached skill level 1 in Dodging
  1284 | D:2      | Found a blossoming altar of Fedhas.
  1301 | D:2      | Found a stormy altar of Qazlal.
  1304 | D:2      | Noticed Natasha
  1319 | D:2      | Killed Natasha
  1319 | D:2      | Reached skill level 5 in Fighting
  1319 | D:2      | Reached XP level 5. HP: 17/44 MP: 5/5
  1424 | D:2      | Noticed Natasha
  1549 | D:2      | Slain by Natasha

Skill      XL: |  1  2  3  4 |
---------------+-------------+-----
Short Blades   | 1 |  1.0
Fighting       | 4 5 |  5.0
Dodging        | 1 |  1.6
Polearms       | |  2.0
Throwing       | |  1.0
Stealth        | |  3.0
Unarmed Combat | |  1.0

Action                   |  1- 3 |  4- 6 || total
-------------------------+-------+-------++-------
Melee: Dagger            |   113 |    53 ||   166
  Use: Potion            |       |     1 ||     1
 Stab: Sleeping          |     4 |       ||     4
  Eat: Chunk             |     1 |     1 ||     2
Armor: Robe              |    17 |     7 ||    24
Dodge: Dodged            |    59 |    26 ||    85
